 Dungeon Crawl Stone Soup version 0.29-a0-330-g52719c12eb (webtiles) character file.

Game seed: 6619621273173797492

17877 Aelig the Quickloader (level 12, -3/65 HPs)
             Began as a Kobold Brigand on Apr 24, 2022.
             Was a Priest of Hepliaklqana.
             Slain by a meliai
             ... wielding the +8 spear of the Ageless Emperors {flame, *Rage rElec rN+}
              (16 damage)
             ... on level 3 of the Lair of Beasts.
             The game lasted 01:06:05 (16378 turns).

Aelig the Quickloader (Kobold Brigand)             Turns: 16378, Time: 01:06:06

Health: -3/65      AC: 12    Str:  9    XL:     12   Next: 88%
Magic:  12/12      EV: 20    Int: 12    God:    Hepliaklqana [***...]
Gold:   348        SH:  5    Dex: 21    Spells: 11/11 levels left

rFire   . . .      SeeInvis .   a - +2 short sword (venom)
rCold   . . .      Faith    .   (no shield)
rNeg    . . .      Spirit   .   g - +0 ring mail
rPois   +          Reflect  +   z - +4 helmet "Xaynlan" {rPois}
rElec   .          Harm     .   E - +1 cloak
rCorr   .          Rampage  .   (no gloves)
Will    .....                   (no boots)
Stlth   ++++++....              K - amulet of reflection
HPRegen 0.20/turn               (no ring)
MPRegen 0.13/turn               (no ring)

@: studying Crossbows
A: reduced essence, small, no large weapons, nightstalker 3
a: Renounce Religion, Recall Ancestor, Ancestor Identity, Transference


You were on level 3 of the Lair of Beasts.
You worshipped Hepliaklqana.
Hepliaklqana was most pleased with you.
You visited 3 branches of the dungeon, and saw 15 of its levels.
You also visited: Sewer and Ice Cave.

You collected 702 gold pieces.
You spent 354 gold pieces at shops.

Inventory:

Hand Weapons
 a - a +2 short sword of venom (weapon)
 b - a +0 hand crossbow
 c - a +0 rapier
 N - a +0 arbalest
Missiles
 d - 26 poisoned darts (quivered)
 e - 3 curare-tipped darts
 n - 488 stones
Armour
 g - a +0 ring mail (worn)
 z - the +4 helmet "Xaynlan" (worn) {rPois}
   (You bought it in a shop on level 9 of the Dungeon)

   rPois:     It protects you from poison.
 C - a +0 leather armour of willpower
 E - a +1 cloak (worn)
Jewellery
 y - a ring of magical power
 H - a ring of wizardry
 K - an amulet of reflection (around neck)
 O - a ring of fire
 P - a ring of flight
Wands
 L - a wand of flame (9)
Scrolls
 h - 5 scrolls of fear
 j - 4 scrolls of magic mapping
 k - 4 scrolls of enchant armour
 l - 8 scrolls of teleportation
 p - 2 scrolls of enchant weapon {unknown}
 q - 3 scrolls of blinking {unknown}
 r - 2 scrolls of immolation {unknown}
 u - 3 scrolls of noise {unknown}
 w - 3 scrolls of vulnerability {unknown}
 A - 2 scrolls of fog
 D - 2 scrolls of amnesia {unknown}
Potions
 f - a potion of might
 i - 3 potions of resistance
 m - a potion of haste
 o - a potion of ambrosia
 s - a potion of cancellation
 t - 2 potions of attraction {unknown}
 x - 3 potions of mutation
 B - a potion of brilliance
 F - 3 potions of flight {unknown}
 G - a potion of invisibility {unknown}
 I - 2 potions of lignification {unknown}
 J - a potion of heal wounds {unknown}
Miscellaneous
 M - a phantom mirror


   Skills:
 - Level 8.0 Fighting
 - Level 12.0 Short Blades
 + Level 14.2 Crossbows
 - Level 6.0 Throwing
 - Level 3.1 Armour
 - Level 12.0 Dodging
 - Level 12.0 Stealth
 - Level 6.0 Evocations


You had 11 spell levels left.
You didn't know any spells.
Your spell library contained the following spells:

 Spells                   Type           Power      Damage    Failure   Level
 Corpse Rot               Necr/Air       0%         N/A       78%         2
 Ensorcelled Hibernation  Hex/Ice        0%         N/A       78%         2
 Passwall                 Tmut/Erth      0%         N/A       78%         2
 Poisonous Vapours        Pois/Air       0%         N/A       78%         2
 Dazzling Flash           Conj/Hex       0%         N/A       95%         3
 Spider Form              Tmut/Pois      0%         N/A       95%         3
 Swiftness                Air            0%         N/A       95%         3
 Airstrike                Air            0%         N/A       100%        4
 Anguish                  Hex/Necr       0%         N/A       100%        4
 Iskenderun's Mystic Bla  Conj/Tloc      0%         2d3       100%        4
 Summon Lightning Spire   Summ/Air       0%         N/A       100%        4
 Lightning Bolt           Conj/Air       0%         1d11      100%        5
 Summon Forest            Summ/Tloc      0%         N/A       100%        5
 Dispersal                Tloc           0%         N/A       100%        6
 Eringya's Noxious Bog    Tmut/Pois      0%         N/A       100%        6
 Starburst                Conj/Fire      0%         6d3       100%        6
 Storm Form               Tmut/Air       0%         N/A       100%        7
 Summon Hydra             Summ           0%         N/A       100%        7
 Disjunction              Tloc           0%         N/A       100%        8
 Maxwell's Capacitive Co  Air            0%         ∞         100%        8


Dungeon Overview and Level Annotations

Branches:
Dungeon (10/15)            Temple (1/1) D:7            Lair (4/6) D:8
  Sewer (visited)           IceCv (visited)
  Swamp: Lair:2-4    Shoals: Lair:2-4     Snake: Lair:2-4    Spider: Lair:2-4
    Orc: D:9-12

Altars:
Ashenzari
Cheibriados
Hepliaklqana
Kikubaaqudgha
Okawaru
Trog
Uskayaw
Vehumet
Wu Jian
Xom
Zin

Shops:
D:3 ?   D:9 [

Annotations:
D:4 1 runed translucent door, Crazy Yiuf
D:6 exclusion: wight
D:9 exclusion: door
Lair:2 Erica
Lair:4 Rupert


Innate Abilities, Weirdness & Mutations

Your life essence is reduced to manifest your ancestor. (-10% HP)
You are small and have problems with some larger weapons.
You are completely attuned to the shadows.


Message History

You skewer the meliai like a kebab!!!
You kill the meliai!
Your Crossbows skill increases to level 14!
You start resting.
Ancestor HP restored.
You start resting.
A killer bee comes into view.
You swap places.
You block the killer bee's attack.
You closely miss the killer bee. The killer bee closely misses you.
You miss the killer bee. You block the killer bee's attack.
You closely miss the killer bee.
Thabo barely misses the killer bee.
You block the killer bee's attack.
You puncture the killer bee!
The killer bee is poisoned.
The killer bee is moderately wounded.
Thabo hits the killer bee with a +0 dagger of draining!
The killer bee dies!
You start resting.
A meliai comes into view.
It is wielding the +8 spear of the Ageless Emperors {flame, *Rage rElec rN+}.
You start resting.
The meliai goes berserk!
The meliai closely misses you. You block the meliai's attack.
The meliai barely misses you. You block the meliai's attack.
The meliai stings you.
The meliai hits you with the +8 spear of the Ageless Emperors {flame, *Rage rElec rN+}!
The meliai burns you. The meliai stings you!
You swap places.
The meliai attacks as you move away! The meliai misses you.
The meliai stings you!
* * * LOW HITPOINT WARNING * * *
The meliai closely misses you.
The meliai hits you from afar with the +8 spear of the Ageless Emperors {flame, *Rage rElec rN+}.
* * * LOW HITPOINT WARNING * * *
The meliai burns you.
* * * LOW HITPOINT WARNING * * *
Thabo gestures at the meliai while chanting.
The meliai resists with significant effort.
The meliai hits Thabo with the +8 spear of the Ageless Emperors {flame, *Rage rElec rN+}!!
The meliai burns Thabo.
The meliai stings Thabo!
The meliai closely misses Thabo.
The meliai stings Thabo!
Thabo is destroyed!
You block the meliai's attack.
The meliai hits you from afar with the +8 spear of the Ageless Emperors {flame, *Rage rElec rN+}!
You die...

P...............##
................#
...............##
..............##
.............#####
.............###.##
........###.###...##
..=......#####.....#
..†.....## #..@..#
.........#####..÷..### .
.†.......##.##..÷÷y#.#..
......†....#...#.#))...#
..........#....###.....#
........P..÷...# #.)...#
...............###.....#
..........#....#.##....#
.........#####....##.#..


You could see a meliai (berserk).

Vanquished Creatures
  A hydra (Lair:3)
  An elephant (Lair:3)
  2 black mambas (Lair:3)
  7 cane toads
  3 komodo dragons
  2 meliai (Lair:3)
  3 polar bears
  A queen bee (Lair:3)
  Prince Ribbit (D:7)
  8 blink frogs
  2 wyverns (Lair:3)
  A shadow (D:7)
  13 yaks
  A steam dragon (D:8)
  Edmund (D:4)
  8 water moccasins
  A black bear (Lair:1)
  2 orc warriors
  2 ice beasts
  An ogre (D:5)
  A sky beast (D:7)
  5 wolves
  A phantom (D:4)
  A centaur (D:9)
  10 bullfrogs
  6 scorpions
  2 wights (D:6)
  16 killer bees (Lair:3)
  A hexer (Lair:3)
  6 hounds
  A gnoll shaman (D:7)
  4 jellies
  3 orc priests
  Natasha (twice) (D:4)
  5 iguanas
  6 orc wizards
  2 hell rats (Lair:1)
  3 gnolls
  8 adders
  11 river rats
  12 white imps
  4 worms
  7 dart slugs
  27 orcs
  8 bats
  8 endoplasms
  6 giant cockroaches
  12 goblins
  9 hobgoblins
  10 jackals
  3 quokkas
  14 ball pythons
  8 frilled lizards
  9 kobolds
  11 rats
303 creatures vanquished.

Vanquished Creatures (collateral kills)
  A cane toad (Lair:3)
  A komodo dragon (Lair:3)
  A meliai (Lair:3)
  A blink frog (Lair:3)
  5 yaks
  A basilisk (Lair:3)
  3 water moccasins
  5 wolves (Lair:2)
  2 bullfrogs (D:8)
  6 killer bees (Lair:3)
  An electric eel (Lair:3)
  2 orc wizards (D:8)
  2 gnolls (D:7)
  2 river rats (Lair:1)
  A white imp (Lair:1)
  2 hobgoblins (D:8)
  A rat (Lair:1)
37 creatures vanquished.

Vanquished Creatures (others)
  5 ancestors
  2 hexers
  43 fungi
  63 plants
113 creatures vanquished.

Grand Total: 453 creatures vanquished

Notes
Turn   | Place    | Note
-------+----------+-------------------------------------------
     0 | D:1      | Aelig the Kobold Brigand began the quest for the Orb.
     0 | D:1      | Reached XP level 1. HP: 12/12 MP: 1/1
   174 | D:1      | Reached XP level 2. HP: 14/17 MP: 2/2
   494 | D:1      | Reached XP level 3. HP: 8/21 MP: 3/3
  1017 | D:1      | Reached XP level 4. HP: 26/26 MP: 4/4
  2017 | D:2      | Reached skill level 5 in Short Blades
  2474 | D:2      | Reached XP level 5. HP: 29/30 MP: 5/5
  3176 | D:3      | Found Xilargh's Magic Scroll Shop.
  3181 | D:3      | Bought a scroll of identify for 24 gold pieces
  3181 | D:3      | Bought a scroll of teleportation for 36 gold pieces
  3181 | D:3      | Bought a scroll of identify for 24 gold pieces
  3181 | D:3      | Bought a scroll of fear for 42 gold pieces
  3427 | D:4      | Noticed a phantom
  3428 | D:4      | Killed a phantom
  3429 | D:4      | Reached skill level 5 in Throwing
  3429 | D:4      | Reached XP level 6. HP: 35/35 MP: 6/6
  3452 | D:4      | Found a broken altar of Ashenzari.
  3502 | D:4      | Found a glowing drain.
  3554 | Sewer    | Entered a sewer
  4235 | Sewer    | Reached XP level 7. HP: 21/40 MP: 7/7
  5112 | D:4      | Noticed Edmund
  5173 | D:4      | Killed Edmund
  5337 | D:4      | Noticed Natasha
  5346 | D:4      | Killed Natasha
  5595 | D:4      | Noticed Natasha
  5601 | D:4      | Killed Natasha
  5652 | D:4      | Found a snail-covered altar of Cheibriados.
  5760 | D:4      | Found a runed translucent door.
  5763 | D:4      | Noticed Crazy Yiuf
  5812 | D:4      | Reached XP level 8. HP: 37/45 MP: 8/8
  5984 | D:5      | Entered Level 5 of the Dungeon
  6319 | D:5      | Found an ornate altar of the Wu Jian Council.
  6941 | D:5      | Found a hazy altar of Hepliaklqana.
  7016 | D:5      | Found a shimmering altar of Xom.
  7022 | D:5      | Found a bloodstained altar of Trog.
  7084 | D:5      | Became a worshipper of Hepliaklqana the Forgotten
  7181 | D:6      | Reached skill level 10 in Short Blades
  7487 | D:6      | Reached XP level 9. HP: 52/52 MP: 9/9
  8140 | D:7      | Found a glowing silver altar of Zin.
  8400 | D:7      | Noticed Prince Ribbit
  8467 | D:7      | Killed Prince Ribbit
  8468 | D:7      | Reached skill level 1 in Evocations
  9206 | D:7      | Found a radiant altar of Vehumet.
  9231 | D:7      | Reached * piety under Hepliaklqana
  9447 | D:7      | Found a staircase to the Ecumenical Temple.
  9453 | Temple   | Entered the Ecumenical Temple
  9551 | D:7      | Found a hide-covered altar of Uskayaw.
  9596 | D:7      | Found an ancient bone altar of Kikubaaqudgha.
 10206 | D:8      | Noticed a komodo dragon
 10211 | D:8      | Reached XP level 10. HP: 50/50 MP: 10/10
 10252 | D:8      | Reached skill level 5 in Dodging
 10262 | D:8      | Found an iron altar of Okawaru.
 10379 | D:8      | Reached skill level 5 in Evocations
 10391 | D:8      | Noticed a komodo dragon
 10409 | D:8      | Killed a komodo dragon
 10896 | D:8      | Reached skill level 2 in Crossbows
 11182 | D:8      | Found a staircase to the Lair.
 11212 | D:8      | Reached skill level 3 in Crossbows
 11287 | D:8      | Reached skill level 4 in Crossbows
 11404 | D:8      | Killed a komodo dragon
 11405 | D:8      | Reached skill level 6 in Crossbows
 11673 | D:8      | Reached skill level 7 in Crossbows
 11697 | D:8      | Reached skill level 8 in Crossbows
 11820 | D:9      | Found Zestre's Antique Armour Shoppe.
 11824 | D:9      | Bought a steaming helmet for 228 gold pieces
 11824 | D:9      | Identified the +4 helmet "Xaynlan" {rPois} (You bought it
                  | in a shop on level 9 of the Dungeon)
 12018 | D:9      | Noticed a cyclops
 12045 | D:9      | Noticed a two-headed ogre
 12072 | D:10     | Entered Level 10 of the Dungeon
 12197 | Lair:1   | Entered Level 1 of the Lair of Beasts
 12210 | Lair:1   | Reached skill level 9 in Crossbows
 12212 | Lair:1   | Noticed a cane toad
 12227 | Lair:1   | Killed a cane toad
 12228 | Lair:1   | Reached skill level 10 in Crossbows
 12326 | Lair:1   | Noticed a cane toad
 12337 | Lair:1   | Killed a cane toad
 12338 | Lair:1   | Reached skill level 1 in Armour
 12338 | Lair:1   | Reached XP level 11. HP: 25/55 MP: 11/11
 12551 | Lair:1   | Reached skill level 5 in Fighting
 12634 | Lair:1   | Found a frozen archway.
 12712 | IceCv    | Entered an ice cave
 12879 | Lair:1   | Reached ** piety under Hepliaklqana
 12880 | Lair:1   | Remembered your ancestor Thabo as a hexer
 14419 | Lair:2   | Noticed Erica
 14626 | Lair:2   | Reached skill level 10 in Dodging
 14705 | Lair:2   | Reached *** piety under Hepliaklqana
 14904 | Lair:3   | Reached XP level 12. HP: 48/65 MP: 12/12
 15039 | Lair:3   | Reached skill level 10 in Stealth
 15360 | Lair:4   | Noticed Rupert
 15460 | Lair:3   | Noticed an eight-headed hydra
 15464 | Lair:3   | Killed an eight-headed hydra
 15962 | Lair:3   | Reached skill level 11 in Crossbows
 15986 | Lair:3   | Reached skill level 12 in Crossbows
 16148 | Lair:3   | Reached skill level 13 in Crossbows
 16320 | Lair:3   | Reached skill level 14 in Crossbows
 16372 | Lair:3   | Identified the +8 spear of the Ageless Emperors {flame,
                  | *Rage rElec rN+}
 16378 | Lair:3   | Slain by a meliai

Illustrated notes

Levels and vault maps discovered:
D:1:      ncdulo_watergridlock, layout_basic, minmay_splitting_lines,
          kennysheep_flooded_box, grunt_decor_mini_mirrors
D:2:      layout_loops_cross, minmay_octomino_c4
D:3:      layout_basic, serial_shops, shop, chequers_serial_rivers_room_b,
          hex_tiny
D:4:      layout_cave_pools, nicolae_ashenzari_skybound, slow_altar_1,
          gup_sewer_entry_glass, uniq_crazy_yiuf_cottage, uniq_edmund,
          uniq_natasha
D:5:      layout_loops_ring, nicolae_hepliaklqana_hippocampus,
          lemuel_doored_altar, minitemple
D:6:      layout_rooms, patterned_corridor
D:7:      layout_cave_pools, zin_scriptorium, nicolae_uskayaw_suspiria,
          vehumet_crystals, mainiacjoe_overflow_alcove_2, temple_doors_e,
          nicolae_grassy_gnolls, uniq_prince_ribbit1
D:8:      layout_basic, mainiacjoe_overflow_catwalk,
          due_lair_maze_entry_diamond, enter_bailey_4
D:9:      layout_long_grid, serial_shops, nicolae_shop_hallway_stairs,
          minmay_the_grid_2x2 [minmay_the_grid_outer_circle,
          minmay_the_grid_tri_star, minmay_the_grid_diamond_grid,
          minmay_the_grid_prize_big_room]
D:10:     layout_roguey, nicolae_straight_to_the_point, uniq_snorg
Temple:   minmay_temple_curvy_loop
Lair:1:   layout_gridlike, portal_ice_cave_entry_imps,
          kennysheep_abandoned_house
Lair:2:   layout_roguey, gauntlet_entry_generic, uniq_erica
Lair:3:   regret_index_combs_of_tragedy, layout_gridlike, serial_bayou_shore_a,
          lemuel_fruit_tree
Lair:4:   layout_regular_city, shoals_dummy_entry,
          minmay_snake_entry_guardpost_small, grunt_megastairs_2, uniq_rupert

Skill      XL: |  1  2  3  4  5  6  7  8  9 10 11 12 |
---------------+-------------------------------------+-----
Short Blades   | 3 4 5 6 8 10 12 | 12.0
Throwing       | 3 5 6 |  6.0
Fighting       | 4 8 |  8.0
Stealth        | 6 8 9 12 | 12.0
Dodging        | 4 8 10 12 | 12.0
Evocations     | 4 6 |  6.0
Crossbows      | 10 14 | 14.2
Armour         | 1 3 |  3.1

Action                   |  1- 3 |  4- 6 |  7- 9 | 10-12 || total
-------------------------+-------+-------+-------+-------++-------
Melee: Dagger            |    80 |   218 |       |       ||   298
       Short sword       |       |    25 |   207 |   536 ||   768
       Punch             |       |       |     4 |    12 ||    16
 Fire: Hand crossbow     |       |     3 |       |    37 ||    40
       Hunting sling     |       |     2 |       |       ||     2
Throw: Dart              |     3 |    43 |    43 |    20 ||   109
Invok: Ancestor Identity |       |       |       |     1 ||     1
       Recall Ancestor   |       |       |       |     3 ||     3
       Ancestor Life: He |       |       |       |     1 ||     1
Evoke: Wand              |       |       |       |     5 ||     5
  Use: Scroll            |       |     7 |     2 |     3 ||    12
       Potion            |       |       |     6 |     2 ||     8
 Stab: Sleeping          |    11 |    27 |    23 |    12 ||    73
       Distracted        |       |       |     2 |    14 ||    16
       Confused          |       |       |       |    12 ||    12
Armor: Ring mail         |    17 |    75 |    47 |    82 ||   221
Dodge: Dodged            |    34 |   144 |    57 |   283 ||   518
Block: Other             |       |       |       |    57 ||    57

Table legend: (Time is in decaauts)
 A = Elapsed time spent in this place.
 B = Non-inter-level travel time spent in this place.
 C = Inter-level travel time spent in this place.
 D = Time resting spent in this place.
 E = Time spent auto-exploring this place.
 F = Levels seen in this place.
 G = Mean time per level.
                   A        B        C        D        E       F      G
               +--------+--------+--------+--------+--------+-----+--------+
         Total |  16020 |  15628 |    392 |   4021 |   7873 |  17 |  942.4 |
       Dungeon |  10767 |  10414 |    353 |   2495 |   5590 |  10 | 1076.7 |
        Temple |      1 |      1 |      0 |      0 |      0 |   1 |    1.0 |
          Lair |   3952 |   3913 |     39 |   1084 |   1862 |   4 |  988.0 |
         Sewer |   1290 |   1290 |      0 |    442 |    421 |   1 | 1290.0 |
      Ice Cave |      7 |      7 |      0 |      0 |      0 |   1 |    7.0 |
               +--------+--------+--------+--------+--------+-----+--------+

Top non-repeatable levels by time:
     D:8: 2146 daAuts
  Lair:1: 1708 daAuts
     D:7: 1535 daAuts
  Lair:3: 1388 daAuts
     D:1: 1380 daAuts
     D:2: 1331 daAuts
   Sewer: 1290 daAuts
     D:5: 1128 daAuts
     D:4: 1124 daAuts
     D:6: 904 daAuts
     D:3: 897 daAuts
  Lair:2: 851 daAuts
     D:9: 318 daAuts
   IceCv: 7 daAuts
  Lair:4: 3 daAuts
